 Dungeon Crawl Stone Soup version 0.31-a0-986-g5e6e4ef867 (webtiles) character file.

Game seed: 264632313474568208

1267 DocClef the Ruffian (level 8, 0/78 HPs)
             Began as a Troll Shapeshifter on Nov 10, 2023.
             Was a Follower of Uskayaw.
             Slain by a sky beast (5 damage)
             ... on level 7 of the Dungeon.
             The game lasted 00:04:36 (4394 turns).

DocClef the Ruffian (Troll Shapeshifter)            Turns: 4394, Time: 00:04:38

Health: 0/78       AC:  4    Str: 25    XL:     8   Next: 27%
Magic:  7/7        EV: 10    Int:  6    God:    Uskayaw [*.....]
Gold:   286        SH:  0    Dex:  9    Spells: 7/7 levels left

rFire   + .          .
                       - Unarmed
rCold   . . .        (no shield)
rNeg    . . .        a - +0 animal skin
rPois   +            (helmet currently unavailable)
rElec   .            (cloak currently unavailable)
rCorr   .            (gloves unavailable)
SInv    .            (boots unavailable)
Will    .....        (no amulet)
Stlth   +            v - ring of poison resistance
HPRegen 1.13/turn    w - ring of protection from fire
MPRegen 0.10/turn

%: no passive effects
@: beast-form
A: beast (slay +3), large, unfitting armour, claws 3, regeneration 1, shaggy fur
1, tough skin 1
a: Begin Untransformation, Renounce Religion, Stomp


You were on level 7 of the Dungeon.
You worshipped Uskayaw.
Uskayaw was noncommittal.
You were a hulking beast.
You visited 2 branches of the dungeon, and saw 8 of its levels.

You collected 286 gold pieces.

Inventory:

Missiles
 r - 2 throwing nets
Armour
 a - a +0 animal skin (worn)
Jewellery
 v - a ring of poison resistance (left claw)
 w - a ring of protection from fire (right claw)
 B - a ring of ice
Talismans
 c - a beast talisman
 d - a flux talisman
 p - a dragon-blood talisman
Wands
 n - a wand of mindburst (13)
 q - a wand of charming (12)
 y - a wand of flame (25)
 C - a wand of polymorph (10)
Scrolls
 e - a scroll of revelation {unknown}
 g - 7 scrolls of teleportation {unknown}
 i - a scroll of enchant armour {unknown}
 j - a scroll of enchant weapon {unknown}
 k - 4 scrolls of identify {unknown}
 t - a scroll of immolation {unknown}
 x - a scroll of fear {unknown}
 z - a scroll of poison {unknown}
Potions
 b - 2 potions of lignification
 f - a potion of cancellation {unknown}
 h - 2 potions of heal wounds {unknown}
 l - 3 potions of attraction {unknown}
 m - 4 potions of curing {unknown}
 o - a potion of brilliance {unknown}
 s - a potion of mutation {unknown}
 u - a potion of degeneration {unknown}
 A - a potion of invisibility {unknown}


   Skills:
 + Level 4.1 Fighting
 + Level 4.3 Dodging
 + Level 5.8 Unarmed Combat
 + Level 5.4 Shapeshifting


You had 7 spell levels left.
You didn't know any spells.
Your spell library contained the following spells:

 Spells                   Type           Power      Damage    Failure   Level
 Summon Small Mammal      Summ           0%         N/A       45%         1
 Call Canine Familiar     Summ           0%         N/A       83%         3
 Summon Guardian Golem    Hex/Summ       0%         N/A       83%         3


Dungeon Overview and Level Annotations

Branches:
Dungeon (7/15)             Temple (1/1) D:4

Altars:
Ashenzari
Cheibriados
Dithmenos
Elyvilon
Fedhas
Gozag
Hepliaklqana
Kikubaaqudgha
Makhleb
Nemelex Xobeh
Okawaru
Qazlal
Sif Muna
Trog
Uskayaw
Vehumet
Wu Jian
Xom
Yredelemnul
The Shining One

Annotations:
D:6 1 runed translucent door, Crazy Yiuf


Innate Abilities, Weirdness & Mutations

You are a hulking beast.
Your limbs bulge with bestial killing power. (Slay +3)
You are too large for most types of armour.
You have claws for hands.
Your natural rate of healing is unusually fast.
You are covered in fur. (AC +1)
You have tough skin. (AC +1)


Message History

There is a stone staircase leading down here.
You climb downwards.
There is a stone staircase leading up here.
Found a stone staircase leading up.
Found a dagger.
A sky beast comes into view.
A sky beast is nearby!
The sky beast flickers out of sight!
Deactivating autopickup; reactivate with Ctrl-A.
No target in view!
No target in view!
No target in view!
A sky beast comes into view.
Something hits you. Something shocks you. Something completely misses you.
Something hits you. Something shocks you.
The sky beast flickers out of sight!
Something hits you. Something shocks you.
No target in view!
You closely miss something. You closely miss something. Something hits you.
Something shocks you. Something hits you. Something shocks you.
You miss something. Your claw misses something. Something hits you.
Something shocks you. Something hits you but does no damage.
You miss something. Something hits you but does no damage. Something hits you.
Something shocks you. Something hits you. Something shocks you.
* * * LOW HITPOINT WARNING * * *
There is a stone staircase leading up here.
A centaur comes into view.
The centaur wields a +0 shortbow.
The centaur shoots an arrow.
The arrow hits you!
* * * LOW HITPOINT WARNING * * *
An orc comes into view. It is wielding a +0 flail.
The orc shouts!
You hear a shout! x2
The centaur shoots an arrow.
The arrow hits you!
* * * LOW HITPOINT WARNING * * *
Something hits you.
* * * LOW HITPOINT WARNING * * *
Something shocks you.
You die...

#..$..#..###...#...
##........#........
...................
#...............<
####...............
#..."..............
#............##....
..#######.#.##..........
.......h.{.........####.
######.)#<........... ##
#...#............#
#.................
#.................
...###.###....... .c.#
.#o #...... ..# .# #
#.... #. ###.


You could see a centaur and an orc.

Vanquished Creatures
  Sigmund (D:6)
  An ogre (D:4)
  A bullfrog (D:6)
  Blork the orc (D:4)
  A necrophage (D:6)
  2 scorpions
  2 orc priests
  A jelly (D:6)
  A gnoll bouda (D:3)
  5 hounds
  2 iguanas
  2 sleepcaps (D:6)
  Ijyb (D:3)
  A hound skeleton (D:6)
  Robin (D:3)
  7 adders
  11 gnolls
  2 white imps
  A worm (D:2)
  A dart slug (D:1)
  10 orcs
  6 endoplasms
  6 giant cockroaches
  13 goblins
  14 hobgoblins
  4 jackals (D:1)
  7 kobolds
  A quokka (D:1)
  6 ball pythons
  3 bats
  6 frilled lizards
  5 rats
126 creatures vanquished.

Notes
Turn   | Place    | Note
-------+----------+-------------------------------------------
     0 | D:1      | DocClef the Troll Shapeshifter began the quest for the Orb.
     0 | D:1      | Reached XP level 1. HP: 18/18 MP: 0/0
   124 | D:1      | Reached skill level 1 in Fighting
   164 | D:1      | Reached XP level 2. HP: 27/27 MP: 1/1
   296 | D:1      | Reached XP level 3. HP: 33/33 MP: 2/2
  1213 | D:3      | Found a basalt altar of Yredelemnul.
  1325 | D:3      | Reached XP level 4. HP: 31/42 MP: 3/3
  1334 | D:3      | Found a shadowy altar of Dithmenos.
  1608 | D:3      | Reached XP level 5. HP: 48/49 MP: 4/4
  1654 | D:3      | Found a sparkling altar of Nemelex Xobeh.
  1701 | D:3      | Noticed Robin
  1728 | D:3      | Killed Robin
  1750 | D:3      | Noticed Ijyb
  1753 | D:3      | Killed Ijyb
  2120 | D:4      | Noticed Blork the orc
  2122 | D:4      | Noticed an ogre
  2145 | D:4      | Killed Blork the orc
  2146 | D:4      | Reached XP level 6. HP: 29/59 MP: 5/5
  2403 | D:4      | Found a staircase to the Ecumenical Temple.
  2435 | Temple   | Entered the Ecumenical Temple
  2476 | Temple   | Became a worshipper of Uskayaw the Reveller
  2482 | D:4      | Reached * piety under Uskayaw
  2484 | D:4      | Reached XP level 7. HP: 59/67 MP: 6/6
  2743 | D:4      | Reached ** piety under Uskayaw
  2778 | D:5      | Entered Level 5 of the Dungeon
  3084 | D:5      | Reached skill level 5 in Unarmed Combat
  3541 | D:6      | Noticed Sigmund
  3549 | D:6      | Reached *** piety under Uskayaw
  3551 | D:6      | Killed Sigmund
  3552 | D:6      | Reached skill level 5 in Shapeshifting
  3749 | D:6      | Found a burning altar of Makhleb.
  3756 | D:6      | Reached XP level 8. HP: 77/78 MP: 7/7
  3808 | D:6      | Reached **** piety under Uskayaw
  3867 | D:6      | Found a runed translucent door.
  3867 | D:6      | Identified the +4 hammer of Jeenum {antimagic, rPois rF+
                  | Stlth+}
  3868 | D:6      | Noticed Crazy Yiuf
  4394 | D:7      | Slain by a sky beast

Illustrated notes

Levels and vault maps discovered:
D:1:      dpeg_arrival_tiny_i, layout_basic
D:2:      layout_loops_ring
D:3:      layout_basic, mainiacjoe_overflow_alcove_1,
          grunt_temple_overflow_open, uniq_robin, uniq_ijyb
D:4:      layout_basic, minmay_temple_entry_mini_moons, uniq_blork_the_orc
D:5:      layout_gridville
D:6:      layout_loops_cross, makhleb_blood_cavern_becter,
          uniq_crazy_yiuf_cottage, uniq_sigmund
D:7:      minmay_the_grid_octo_tiled_octocenter
          [minmay_the_grid_octo_tetromino_candy,
          minmay_the_grid_octo_vomiting_pacman, minmay_the_grid_octo_focus,
          minmay_the_grid_octo_fat_diamond, minmay_the_grid_octo_prize_big_c,
          minmay_the_grid_square_5x5_half_checkered,
          minmay_the_grid_square_5x5_eight,
          minmay_the_grid_square_5x5_three_walls,
          minmay_the_grid_square_5x5_inverted_slash], layout_cave_pools,
          gammafunk_ghost_cemetery, minmay_misc_feat_cross,
          hangedman_abyss_or_decor_stagger, minmay_increasing_density
Temple:   nicolae_temple_x_marks_the_god

Skill      XL: |  1  2  3  4  5  6  7  8 |
---------------+-------------------------+-----
Fighting       | 1 2 3 4 |  4.1
Dodging        | 2 3 4 |  4.3
Unarmed Combat | 4 5 |  5.8
Shapeshifting  | 4 5 |  5.4

Action                     |  1- 3 |  4- 6 |  7- 9 || total
---------------------------+-------+-------+-------++-------
  Melee: Unarmed           |   100 |   110 |    87 ||   297
         Punch             |     4 |     4 |     4 ||    12
   Stab: Sleeping          |     1 |       |       ||     1
         Paralysed         |       |       |     3 ||     3
 Armour: Animal skin       |    57 |    63 |    68 ||   188
  Dodge: Dodged            |    46 |    51 |    38 ||   135

Table legend: (Time is in decaauts)
 A = Elapsed time spent in this place.
 B = Non-inter-level travel time spent in this place.
 C = Inter-level travel time spent in this place.
 D = Time resting spent in this place.
 E = Time spent auto-exploring this place.
 F = Levels seen in this place.
 G = Mean time per level.
                   A        B        C        D        E       F      G
               +--------+--------+--------+--------+--------+-----+--------+
         Total |   4370 |   4187 |    183 |     27 |   3470 |   8 |  546.2 |
       Dungeon |   4324 |   4150 |    174 |     27 |   3439 |   7 |  617.7 |
        Temple |     45 |     36 |      9 |      0 |     31 |   1 |   45.0 |
               +--------+--------+--------+--------+--------+-----+--------+

Top non-repeatable levels by time:
     D:3: 862 daAuts
     D:6: 854 daAuts
     D:5: 722 daAuts
     D:4: 657 daAuts
     D:2: 600 daAuts
     D:1: 597 daAuts
  Temple: 45 daAuts
     D:7: 29 daAuts
